 Dungeon Crawl Stone Soup version 0.17.0-18-gaab0e96 (webtiles) character file.

218 septik the Caller (level 5, -2/35 HPs)
             Began as a Mummy Summoner on Nov 11, 2015.
             Splashed by a jelly's acid (8 damage)
             ... on level 5 of the Dungeon.
             The game lasted 00:17:04 (5201 turns).

septik the Caller (Mummy Summoner)                  Turns: 5201, Time: 00:17:04

Health: -2/35      AC: -2    Str: 12    XL:     5   Next: 63%
Magic:  1/11       EV: 12    Int: 15    God:
Gold:   154        SH:  0    Dex: 12    Spells: 3 memorised, 6 levels left

rFire  x . .     SeeInvis .     d - +0 dagger
rCold  + . .     Clarity  .     a - +0 robe
rNeg   + + +     SustAt   .     (no shield)
rPois  ∞         Gourm    .     (no helmet)
rElec  .         Spirit   .     (no cloak)
rCorr  .         Warding  .     (no gloves)
rMut   .         Stasis   .     (no boots)
MR     .....                    (no amulet)
Stlth  ++........               (no ring)
                                (no ring)

@: corroded equipment, slowed, very slow, not resistant to hostile enchantments,
unstealthy
A: no food or potions, fire vulnerability, cold resistance 1, negative energy
resistance 3, torment resistance, unbreathing
a: no special abilities


You were on level 5 of the Dungeon.
You were not hungry.

You visited 1 branch of the dungeon, and saw 5 of its levels.

You collected 154 gold pieces.

Inventory:

Hand Weapons
 d - a +0 dagger (weapon)
 m - a +0 hunting sling
 o - a cursed -1 blowgun
Missiles
 e - 51 poisoned needles
 j - 91 stones (quivered)
Armour
 a - a +0 robe (worn)
Jewellery
 l - an uncursed ring of protection from fire {unknown}
 n - a +4 ring of strength {unknown}
Scrolls
 c - 2 scrolls of teleportation {unknown}
 f - a scroll of immolation {unknown}
 g - a scroll of random uselessness {unknown}
 h - 3 scrolls of identify {unknown}
 i - a scroll of enchant armour {unknown}
 k - 2 scrolls of remove curse {unknown}
 p - a scroll of fog {unknown}
 q - 2 scrolls of amnesia {unknown}
 r - a scroll of blinking {unknown}
Books
 b - a book of Callings

   Spells                             Type                      Level
   a - Summon Small Mammal            Summoning                    1
   b - Call Imp                       Summoning                    2
   c - Call Canine Familiar           Summoning                    3
   d - Summon Guardian Golem          Hexes/Summoning              3
   e - Summon Lightning Spire         Summoning/Air                4
   f - Summon Ice Beast               Ice/Summoning                4


   Skills:
 - Level 1.5 Dodging
 - Level 1.5 Stealth
 - Level 4.0 Spellcasting
 + Level 4.7 Summonings


You had 6 spell levels left.
You knew the following spells:

 Your Spells              Type           Power        Failure   Level  Hunger
a - Summon Small Mammal   Summ           ###.         2%          1    N/A
b - Call Imp              Summ           ###.....     4%          2    N/A
c - Call Canine Familiar  Summ           ###.....     10%         3    N/A

Dungeon Overview and Level Annotations

Branches:
Dungeon (5/15)
 Temple: D:4-7

Altars:
Cheibriados
Fedhas

Annotations:
D:4 Robin, Sigmund


Innate Abilities, Weirdness & Mutations

You do not eat or drink.
Your flesh is vulnerable to fire.
You are immune to poison.
Your flesh is cold resistant.
You are immune to negative energy.
You are immune to unholy pain and torment.
You can survive without breathing.


Message History

The jelly hits your quokka.
Your quokka is splashed with acid.
Your quokka dies!
Your quokka's corpse disappears in a puff of smoke!
Casting: Summon Small Mammal
Confirm with . or Enter, or press ? or * to list all spells.
You swap places.
Your rat barely misses the jelly.
The jelly hits your rat but does no damage.
Your rat completely misses the jelly.
The jelly hits your rat.
Your rat dies!
Your rat's corpse disappears in a puff of smoke!
The jelly hits you.
You are splashed with acid!
The acid corrodes you!
The acid burns!
* * * LOW HITPOINT WARNING * * *
Casting: Summon Small Mammal
Confirm with . or Enter, or press ? or * to list all spells.
The jelly hits you.
* * * LOW HITPOINT WARNING * * *
You are splashed with acid!
The acid burns!
You die...

##########
.......@.#
########J#
#r#########
#.........#
#########.#
#.# #.# #J#
#!#


You could see a jelly and a friendly rat.

Vanquished Creatures
  Grinder (D:3)
  2 adders (D:3)
  An orc (D:3)
  A bat (D:1)
  A giant cockroach (D:1)
  2 kobolds
8 creatures vanquished.

Vanquished Creatures (collateral kills)
  A hound (D:4)
  Jessica (D:3)
  3 adders
  An adder skeleton (D:4)
  3 worms
  An orc (D:3)
  8 bats
  7 goblins
  9 hobgoblins
  A quokka (D:3)
  A ball python (D:1)
  2 giant cockroaches
  3 giant geckos
  6 giant newts
  3 jackals
  6 kobolds
  7 rats
63 creatures vanquished.

Grand Total: 71 creatures vanquished

Notes
Turn   | Place    | Note
--------------------------------------------------------------
     0 | D:1      | septik the Mummy Summoner began the quest for the Orb.
     0 | D:1      | Reached XP level 1. HP: 13/13 MP: 3/3
   707 | D:1      | Reached XP level 2. HP: 19/19 MP: 0/5
  2273 | D:2      | Reached XP level 3. HP: 22/24 MP: 0/7
  2901 | D:3      | Found a snail-covered altar of Cheibriados.
  3060 | D:3      | Found a faded altar to an unknown god.
  3273 | D:3      | Noticed Jessica
  3322 | D:3      | Killed Jessica
  3322 | D:3      | Reached XP level 4. HP: 18/30 MP: 0/9
  3439 | D:3      | Noticed Grinder
  3464 | D:3      | Reached skill level 4 in Spellcasting
  3727 | D:2      | Learned a level 2 spell: Call Imp
  3731 | D:2      | Learned a level 3 spell: Call Canine Familiar
  3856 | D:3      | Paralysed by Grinder for 7 turns
  3880 | D:3      | Killed Grinder
  3880 | D:3      | Reached XP level 5. HP: 28/35 MP: 0/11
  4707 | D:4      | Noticed Robin
  5119 | D:4      | Found a blossoming altar of Fedhas.
  5157 | D:4      | Noticed Sigmund
  5184 | D:5      | Entered Level 5 of the Dungeon
  5201 | D:5      | Splashed by a jelly's acid

Action                   |  1- 3 |  4- 6 || total
-------------------------+-------+-------++-------
Melee: Dagger            |    38 |    24 ||    62
Throw: Stone             |     3 |       ||     3
 Cast: Summon Small Mamm |   183 |    96 ||   279
       Call Canine Famil |       |     8 ||     8
       Call Imp          |       |     6 ||     6
